 Dungeon Crawl Stone Soup version 0.22-a0-407-gb098539 (webtiles) character file.

1892 dstrtnsr the Cleaver (level 9, 0/121 HPs)
             Began as a Hill Orc Berserker on May 9, 2018.
             Was a Priest of Trog.
             Slain by Duvessa
             ... wielding a +1 short sword of freezing
              (4 damage)
             ... on level 6 of the Dungeon.
             The game lasted 00:03:59 (4553 turns).

dstrtnsr the Cleaver (Hill Orc Berserker)           Turns: 4553, Time: 00:04:00

Health: 0/121      AC: 11    Str: 28    XL:     9   Next: 15%
Magic:  9/9        EV: 12    Int:  7    God:    Trog [***...]
Gold:   219        SH:  0    Dex: 10    Spells: 8/8 levels left

rFire    . . .     SeeInvis .   o - +3 battleaxe (curse)
rCold    . . .     Gourm    .   (shield currently unavailable)
rNeg     + . .     Faith    .   i - +0 ring mail
rPois    .         Spirit   .   (no helmet)
rElec    .         Reflect  .   u - +2 cloak
rCorr    .         Harm     .   q - +1 pair of gloves
MR       .....                  (no boots)
Stlth    ..........             (no amulet)
HPRegen  0.30/turn              f - ring of positive energy
MPRegen  0.11/turn              (no ring)

@: berserking, very quick
A: no striking features
a: Berserk, Trog's Hand, Renounce Religion


You were on level 6 of the Dungeon.
You worshipped Trog.
Trog was most pleased with you.
You were not hungry.

You visited 1 branch of the dungeon, and saw 6 of its levels.

You collected 219 gold pieces.

Inventory:

Hand Weapons
 a - a +1 hand axe
 n - a +0 battleaxe
 o - a cursed +3 battleaxe (weapon)
 p - a +2 hand axe of electrocution
Armour
 i - a +0 ring mail (worn)
 q - a +1 pair of gloves (worn)
 u - a +2 cloak (worn)
Jewellery
 f - a ring of positive energy (left hand)
Wands
 I - a wand of iceblast (10)
 P - a wand of paralysis (7)
Scrolls
 m - a scroll of enchant weapon
 r - a scroll of teleportation {unknown}
 s - a scroll of noise {unknown}
 t - a scroll of fog
 v - a scroll of immolation {unknown}
Potions
 b - 3 potions of curing {@q1}
 c - 2 potions of brilliance
 g - a potion of mutation
 h - a potion of lignification {unknown}
 j - a potion of agility {unknown}
 k - a potion of haste
 l - 2 potions of magic {unknown}
Comestibles
 e - 6 rations {!d}


   Skills:
 + Level 7.9 Fighting
 * Level 11.4 Axes
 + Level 4.7 Armour
 + Level 3.6 Dodging


You had 8 spell levels left.
You didn't know any spells.

Dungeon Overview and Level Annotations

Branches:
Dungeon (6/15)             Temple (0/1) D:4

Altars:
Okawaru
Ru
The Shining One

Annotations:
D:6 Duvessa


Message History

Duvessa hits you with a short sword of freezing.
Duvessa freezes you. Duvessa hits you but does no damage.
You barely miss Duvessa. You barely miss Dowan.
You feel yourself speed up. Duvessa closely misses you.
Duvessa hits you with a short sword of freezing.
Duvessa freezes you. Dowan hits you but does no damage.
Duvessa hits you with a short sword of freezing.
Duvessa freezes you.
There are monsters nearby!
There are monsters nearby!
You hit Duvessa but do no damage. You slash Dowan!
Duvessa completely misses you.
Dowan gestures wildly while chanting.
Dowan blinks!
Duvessa completely misses you.
You're still recovering from your berserk rage.
You barely miss Duvessa.
Duvessa hits you with a short sword of freezing.
Duvessa freezes you.
You closely miss Dowan.
Dowan is heavily wounded.
You closely miss Duvessa. Duvessa hits you but does no damage. x2
Dowan closely misses you.
You hit Dowan.
Dowan is severely wounded.
You hit Duvessa but do no damage.
Duvessa says, "When magic and the sword combine, nothing stands against them."
Duvessa completely misses you. Dowan barely misses you.
Duvessa closely misses you.
You hit Dowan.
Dowan is almost dead.
You barely miss Duvessa. Duvessa barely misses you. Dowan casts a spell at you.
The puff of frost misses you. Duvessa hits you but does no damage.
You hit Dowan.
You kill Dowan!
Trog accepts your kill.
Trog appreciates your killing of a magic user.
Duvessa screams in rage.
Duvessa goes berserk!
You barely miss Duvessa.
Duvessa hits you with a short sword of freezing.
Duvessa freezes you.
You barely miss Duvessa. Duvessa closely misses you.
Duvessa hits you but does no damage.
You slash Duvessa!
Duvessa is lightly wounded.
You recover from your berserk rage.
Duvessa hits you with a short sword of freezing!
Duvessa freezes you.
Duvessa hits you with a short sword of freezing!
Duvessa freezes you.
You barely miss Duvessa.
Duvessa is lightly wounded.
Duvessa barely misses you.
Duvessa hits you with a short sword of freezing.
Duvessa freezes you.
You are too injured to fight recklessly!
You are too injured to fight recklessly!
You are too injured to fight recklessly!
You are too injured to fight recklessly!
Unknown command.
Okay, then.
Okay, then.
As you read the scroll labeled ISO DUPLUS, it crumbles to dust.
The scroll dissolves into smoke.
It was a scroll of fog.
Duvessa closely misses you.
As you read the scroll labeled XEVVAG HOTSEGRUWK, it crumbles to dust.
It is a scroll of amnesia.
You feel forgetful for a moment. Duvessa hits you but does no damage.
Duvessa misses you.
Unknown command.
Okay, then.
You eat one of the 7 rations {!d}.
That ration really hit the spot!
Duvessa hits you with a short sword of freezing.
* * * LOW HITPOINT WARNING * * *
Duvessa freezes you.
* * * LOW HITPOINT WARNING * * *
Unknown command.
A red film seems to cover your vision as you go berserk!
You feel yourself moving faster!
You feel mighty!
You feel a lot more hungry. Duvessa barely misses you.
Duvessa hits you with a short sword of freezing!
* * * LOW HITPOINT WARNING * * *
Duvessa freezes you.
* * * LOW HITPOINT WARNING * * *
You barely miss Duvessa.
Duvessa is lightly wounded.
Duvessa misses you.
You slash Duvessa!
Duvessa is moderately wounded.
Duvessa hits you with a short sword of freezing!
* * * LOW HITPOINT WARNING * * *
Duvessa freezes you.
* * * LOW HITPOINT WARNING * * *
You slash Duvessa!
Duvessa is heavily wounded.
Duvessa hits you with a short sword of freezing!
* * * LOW HITPOINT WARNING * * *
Duvessa freezes you.
You die...

############
##...........
######..<#########
............#
######...##.###########
##.###..§§@e§..... #.#
######§###### #.# §#
#.# .# #.# ##### .#
########.#.....# .#
.<.........# ##.#
######.##.# .. .#
#.........###.


You could see Duvessa (berserk).

Vanquished Creatures
  Edmund (D:5)
  Menkaure (D:6)
  A sky beast (D:5)
  3 phantoms
  2 ogres (D:4)
  A bullfrog (D:6)
  Dowan (D:6)
  9 wights (D:6)
  A centaur zombie (D:6)
  A jelly (D:5)
  2 hounds (D:5)
  7 orc wizards
  A bullfrog skeleton (D:5)
  Ijyb (D:4)
  Natasha (thrice) (D:2)
  3 iguanas
  2 worker ants
  An adder (D:5)
  An ooze (D:4)
  An adder skeleton (D:6)
  2 worms
  3 leopard geckos
  12 orcs
  5 giant cockroaches
  7 goblins
  4 hobgoblins
  4 jackals (D:5)
  4 kobolds
  2 quokkas (D:5)
  A ball python (D:3)
  4 bats
  3 frilled lizards
  A jackal skeleton (D:4)
  3 rats (D:3)
98 creatures vanquished.

Notes
Turn   | Place    | Note
-------+----------+-------------------------------------------
     0 | D:1      | dstrtnsr the Hill Orc Berserker began the quest for the Orb.
     0 | D:1      | Reached XP level 1. HP: 19/19 MP: 1/1
   233 | D:1      | Reached XP level 2. HP: 27/27 MP: 2/2
   467 | D:2      | Noticed Natasha
   469 | D:2      | HP: 9/27 [Natasha (10)]
   471 | D:2      | Killed Natasha
   471 | D:2      | Reached skill level 5 in Axes
   471 | D:2      | Reached XP level 3. HP: 17/33 MP: 3/3
   649 | D:2      | Noticed Natasha
   652 | D:2      | Killed Natasha
   652 | D:2      | Reached XP level 4. HP: 36/41 MP: 4/4
   816 | D:2      | Noticed Natasha
   823 | D:2      | HP: 13/41 [Natasha/magic dart (8)]
   826 | D:2      | Killed Natasha
   826 | D:2      | Reached skill level 6 in Axes
  1363 | D:3      | Reached ** piety under Trog
  1439 | D:3      | Reached XP level 5. HP: 44/47 MP: 5/5
  1505 | D:3      | Found an iron altar of Okawaru.
  1641 | D:4      | Found a staircase to the Ecumenical Temple.
  1731 | D:4      | Reached skill level 5 in Fighting
  1757 | D:4      | Noticed Ijyb
  1762 | D:4      | Paralysed by Ijyb for 7 turns
  1771 | D:4      | Paralysed by Ijyb for 2 turns
  1780 | D:4      | Killed Ijyb
  1780 | D:4      | Reached skill level 7 in Axes
  1951 | D:4      | Noticed an ogre
  1957 | D:4      | Killed an ogre
  1957 | D:4      | Reached XP level 6. HP: 56/56 MP: 6/6
  1959 | D:4      | Found a sacrificial altar of Ru.
  2060 | D:4      | Reached skill level 8 in Axes
  2116 | D:4      | Noticed a phantom
  2152 | D:4      | Killed a phantom
  2152 | D:4      | Reached XP level 7. HP: 50/63 MP: 7/7
  2545 | D:4      | Reached skill level 9 in Axes
  2898 | D:5      | Entered Level 5 of the Dungeon
  2950 | D:5      | Noticed Edmund
  2973 | D:5      | Killed Edmund
  3137 | D:5      | Reached XP level 8. HP: 49/71 MP: 8/8
  3356 | D:5      | Reached *** piety under Trog
  3424 | D:5      | Reached skill level 10 in Axes
  3604 | D:5      | Found a glowing golden altar of the Shining One.
  4494 | D:6      | Reached skill level 11 in Axes
  4503 | D:6      | Noticed Menkaure
  4509 | D:6      | Killed Menkaure
  4509 | D:6      | Reached XP level 9. HP: 81/81 MP: 9/9
  4532 | D:6      | Noticed Dowan
  4533 | D:6      | Noticed Duvessa
  4543 | D:6      | Killed Dowan
  4545 | D:6      | HP: 31/81 [Duvessa/short sword of freezing (3)]
  4550 | D:6      | HP: 23/121 [Duvessa/short sword of freezing (8)]
  4552 | D:6      | HP: 11/121 [Duvessa/short sword of freezing (2)]
  4553 | D:6      | HP: 4/121 [Duvessa/short sword of freezing (7)]
  4553 | D:6      | Slain by Duvessa

Vault maps used:
D:1:      kilobyte_arrival_exit_the_forest
D:2:      uniq_natasha
D:3:      lemuel_crystal_altar
D:4:      old_standard_altar, temple_pool_b, minivault_1, uniq_ijyb
D:5:      nicolae_overflow_crystal_walls, first_ration,
          hangedman_abyss_or_decor_jellyfish_corner, minmay_bent, uniq_edmund
D:6:      minmay_opposing_rooms, lemuel_round_altar, uniq_menkaure,
          uniq_blork_the_orc, uniq_duvessa

Skill      XL: |  1  2  3  4  5  6  7  8 |
---------------+-------------------------+-----
Fighting       | 4 5 6 7 |  7.9
Axes           | 5 6 7 8 9 11 | 11.4
Dodging        | 2 3 |  3.6
Armour         | 3 4 |  4.7

Action                   |  1- 3 |  4- 6 |  7- 9 || total
-------------------------+-------+-------+-------++-------
Melee: Hand axe          |    33 |   150 |   141 ||   324
       Battleaxe         |       |       |    50 ||    50
Invok: Berserk           |     1 |     5 |     8 ||    14
  Use: Scroll            |       |       |    11 ||    11
  Eat: Chunk             |       |     9 |    13 ||    22
       Ration            |       |       |     1 ||     1
Armor: Animal skin       |     2 |    10 |       ||    12
       Ring mail         |       |    39 |    53 ||    92
Dodge: Dodged            |    17 |    64 |   102 ||   183

Table legend:
 A = Spawn XP
 B = Non-spawn XP
 C = Spawn XP percentage of total XP
 D = Spawn monster count
 E = Non-spawn monster count
 F = Spawn count percentage of total count
 G = Total turns spent on level
                    A         B        C        D         E        F      G
               +---------+---------+-------+---------+---------+-------+---------
         Total |       0 |    2703 |   0.0 |       0 |      98 |   0.0 |  4553
               +---------+---------+-------+---------+---------+-------+---------
           D:1 |       0 |      13 |   0.0 |       0 |       7 |   0.0 |   243
           D:2 |       0 |     118 |   0.0 |       0 |      10 |   0.0 |  1014
           D:3 |       0 |      41 |   0.0 |       0 |      22 |   0.0 |   324
           D:4 |       0 |     657 |   0.0 |       0 |      19 |   0.0 |  1317
           D:5 |       0 |     809 |   0.0 |       0 |      24 |   0.0 |  1172
           D:6 |       0 |    1065 |   0.0 |       0 |      16 |   0.0 |   483
               +---------+---------+-------+---------+---------+-------+---------
